 Dungeon Crawl Stone Soup version 0.18-a0-514-ga7d9996 (webtiles) character file.

174 Proton the Covered (level 5, 0/43 HPs)
             Began as a Formicid Fighter on Dec 3, 2015.
             Slain by Menkaure (18 damage)
             ... on level 4 of the Dungeon.
             The game lasted 00:04:33 (2636 turns).

Proton the Covered (Formicid Fighter)               Turns: 2636, Time: 00:04:33

Health: 0/43       AC:  7    Str: 21    XL:     5   Next: 84%
Magic:  5/5        EV:  9    Int:  8    God:
Gold:   112        SH:  9    Dex: 10    Spells: 0 memorised, 4 levels left

rFire  + . .     SeeInvis +     h - +1 hand axe (venom)
rCold  . . .     Clarity  .     a - +1 ring mail {rF+}
rNeg   . . .     SustAt   .     c - +0 shield
rPois  .         Gourm    .     (helmet unavailable)
rElec  .         Spirit   .     (no cloak)
rCorr  .         Dismiss  .     (no gloves)
rMut   .         Stasis   +     (no boots)
MR     .....                    (no amulet)
Stlth  ..........               (no ring)
                                (no ring)

@: not resistant to hostile enchantments, extremely unstealthy
A: permanent stasis, dig shafts and tunnels, four strong arms, antennae 3
a: Dig, Shaft Self


You were on level 4 of the Dungeon.
You were not hungry.

You visited 1 branch of the dungeon, and saw 4 of its levels.

You collected 112 gold pieces.

Inventory:

Hand Weapons
 h - a +1 hand axe of venom (weapon)
Armour
 a - a +1 ring mail of fire resistance (worn)
 c - a +0 shield (worn)
Wands
 m - a wand of heal wounds (5)
Scrolls
 b - 3 scrolls of recharging {unknown}
 e - a scroll of magic mapping {unknown}
 g - 2 scrolls of immolation {unknown}
 k - a scroll of fear {unknown}
 n - 2 scrolls of teleportation {unknown}
 o - a scroll of identify {unknown}
 q - a scroll of noise {unknown}
Potions
 d - 2 potions of might
 f - a potion of lignification {unknown}
 i - 2 potions of flight {unknown}
 j - 2 potions of curing {unknown}
 p - a potion of magic {unknown}
 r - a potion of cancellation {unknown}
Comestibles
 l - a beef jerky


   Skills:
 + Level 4.4 Fighting
 + Level 2.5 Axes
 + Level 4.4 Armour
 + Level 2.0 Dodging
 + Level 4.2 Shields


You had 4 spell levels left.
You didn't know any spells.

Dungeon Overview and Level Annotations

Branches:
Dungeon (4/15)
 Temple: D:4-7

Altars:
Kikubaaqudgha
Sif Muna
Zin

Annotations:
D:3 1 exclusion, Proton's ghost, amateur FoFi
D:4 Menkaure


Innate Abilities, Weirdness & Mutations

You are under a permanent stasis effect.
You can dig through walls and to a lower floor.
Your four strong arms can wield two-handed weapons with a shield.
You have a pair of large antennae on your head (SInv).


Message History

Menkaure closely misses you.
You hit Menkaure.
Menkaure is heavily damaged.
Menkaure closely misses you.
You hit Menkaure.
Menkaure is heavily damaged.
You block Menkaure's attack. Menkaure hits you!
You hit Menkaure.
Menkaure is severely damaged.
You block Menkaure's attack.
You hit Menkaure but do no damage.
Menkaure is severely damaged.
You block Menkaure's attack.
You hit Menkaure but do no damage.
Menkaure is severely damaged.
Menkaure hits you!
Your shield prevents you from hitting Menkaure.
Menkaure is severely damaged.
Menkaure hits you!!
You die...

#. .# .# ##.# [.
...# .##..#
.#..### {.... #
#..#
#####.###<.###>#
......M@.........
#########.####.##
..# ###


You could see Menkaure.

Vanquished Creatures
  A water moccasin skeleton (D:3)
  Jessica (D:2)
  Robin (D:2)
  2 adders (D:2)
  A worm (D:2)
  3 orcs
  11 bats
  A giant cockroach (D:1)
  12 goblins
  14 hobgoblins
  8 jackals
  5 kobolds
  4 giant newts
  7 rats
71 creatures vanquished.

Vanquished Creatures (others)
  An orc wizard (D:3)
1 creature vanquished.

Grand Total: 72 creatures vanquished

Notes
Turn   | Place    | Note
--------------------------------------------------------------
     0 | D:1      | Proton the Formicid Fighter began the quest for the Orb.
     0 | D:1      | Reached XP level 1. HP: 18/18 MP: 1/1
     3 | D:1      | Noticed an electric eel
    60 | D:1      | Reached XP level 2. HP: 24/24 MP: 2/2
   328 | D:1      | Reached skill level 1 in Dodging
   328 | D:1      | Reached XP level 3. HP: 25/29 MP: 3/3
   820 | D:2      | Noticed Robin
   825 | D:2      | Reached skill level 4 in Armour
   835 | D:2      | Killed Robin
   835 | D:2      | Reached XP level 4. HP: 23/37 MP: 4/4
  1234 | D:2      | Noticed Jessica
  1244 | D:2      | Killed Jessica
  1244 | D:2      | Reached XP level 5. HP: 42/42 MP: 5/5
  1507 | D:2      | Found an ancient bone altar of Kikubaaqudgha.
  1508 | D:2      | Found a glowing silver altar of Zin.
  1850 | D:3      | Noticed Proton's ghost (amateur FoFi)
  1856 | D:3      | HP: 1/42 [Proton's ghost (10)]
  2252 | D:3      | Found a deep blue altar of Sif Muna.
  2626 | D:4      | Noticed Menkaure
  2636 | D:4      | Slain by Menkaure

Vault maps used:
D:1:      arrival_aquarium_a
D:2:      nicolae_overflow_hidden_temple, uniq_robin, uniq_jessica
D:3:      led_sif_book, nicolae_gozag_cash_rules_everything_around_me
D:4:      lemuel_crystal_altar, first_bread, kennysheep_generic_room_8,
          uniq_natasha, uniq_duvessa, uniq_menkaure

Action                   |  1- 3 |  4- 6 || total
-------------------------+-------+-------++-------
Melee: War axe           |    35 |       ||    35
       Hand axe          |    49 |    91 ||   140
 Abil: Dig               |       |     1 ||     1
  Eat: Pizza             |       |     2 ||     2
       Bread ration      |       |     1 ||     1
